AoeStats
← TVHG.Demian

Arabia

508083549Analyzed
1v1 RM · 13d ago on Sep 20, 2026· 45m 8s· 2 players
Game mode
Random Map
Map size
Tiny (2 player)
Population
200
Speed
Normal
Resources
Standard
Victory
Conquest
Starting age
Dark Age
Ending age
Imperial Age
RankedLock teamsTeams togetherTeam positionsShared explorationLock speedFull tech treeHidden civsTurbo modeCheats
Victory
Defeat
🇦🇷 Inca · Argentina
1352
+14
🇲🇹 Khmer · Malta
1313
-14
Houf Nietzsche
6:11 Loom
8:57 Feudal Age
14:31 Double-Bit Axe
15:13 Fletching
20:30 Castle Age
18:46 Gold Mining
18:39 Horse Collar
20:16 Bloodlines
20:13 Scale Barding Armor
22:06 Forging
22:40 Husbandry
24:03 Chain Barding Armor
30:25 Wheelbarrow
29:36 Town Watch
32:52 Iron Casting
35:52 Heavy Plow
43:24 Imperial Age
41:18 Light Cavalry
41:57 Bodkin Arrow
43:03 Stone Mining
TVHG.Demian
7:08 Loom
9:40 Feudal Age
11:02 Double-Bit Axe
11:00 Horse Collar
10:52 Champi Runner
19:46 Castle Age
18:03 Scale Mail Armor
18:53 Gold Mining
19:44 Forging
19:45 Arson
19:53 Champi Warrior
23:06 Pikeman
25:07 Wheelbarrow
26:10 Squires
26:37 Chain Mail Armor
26:31 Town Watch
27:53 Iron Casting
29:41 Redemption
30:00 Bow Saw
36:36 Imperial Age
34:59 Fletching
35:35 Heavy Plow
35:31 Stone Mining
36:40 Halberdier
37:51 Plate Mail Armor
40:31 Gold Shaft Mining
40:36 Capped Ram
42:27 Town Patrol
43:50 Blast Furnace
44:23 Stone Shaft Mining
44:39 Onager
Connection lost

Rejoining the realm…

Still unreachable

The connection could not be restored.

Session expired

The server has moved on; the page needs a fresh start.